 Dungeon Crawl Stone Soup version 0.25-a0-258-g6d7e32a812 (webtiles) character file.

Game seed: 17383284812146122585, levelgen mode: deterministic

2584 MisterFreud the Grappler (level 9, 0/88 HPs)
             Began as a Troll Monk on Dec 6, 2019.
             Was a Priest of Okawaru.
             Slain by a death yak (14 damage)
             ... on level 7 of the Dungeon.
             The game lasted 00:10:35 (5815 turns).

MisterFreud the Grappler (Troll Monk)               Turns: 5815, Time: 00:10:36

Health: 0/88       AC:  7    Str: 26    XL:     9   Next: 32%
Magic:  20/20      EV: 12    Int:  6    God:    Okawaru [***...]
Gold:   432        SH:  0    Dex: 13    Spells: 8/8 levels left

rFire    . . .     SeeInvis .     - Unarmed
rCold    . . .     Gourm    +   (no shield)
rNeg     . . .     Faith    .   a - +0 robe
rPois    .         Spirit   .   (helmet restricted)
rElec    .         Reflect  .   y - +0 cloak
rCorr    .         Harm     .   (gloves unavailable)
MR       .....                  (boots unavailable)
Stlth    ++........             e - amulet of magic regeneration
HPRegen  0.64/turn              A - ring of magical power
MPRegen  0.42/turn              C - +3 ring of strength

@: no status effects
A: large, unfitting armour, claws 3, fast metabolism 3, gourmand, regeneration
1, shaggy fur 1, tough skin 3
a: Heroism, Renounce Religion


You were on level 7 of the Dungeon.
You worshipped Okawaru.
Okawaru was most pleased with you.
You were very full.

You visited 2 branches of the dungeon, and saw 9 of its levels.
You also visited: Sewer.

You collected 432 gold pieces.

Inventory:

Missiles
 u - 4 large rocks (quivered)
 D - 3 boomerangs
Armour
 a - a +0 robe (worn)
 y - a +0 cloak (worn)
Jewellery
 e - an amulet of magic regeneration (around neck)
 r - an uncursed ring of ice
 A - a ring of magical power (left claw)
 C - a +3 ring of strength (right claw)
Wands
 v - a wand of random effects (28)
Scrolls
 i - a scroll of amnesia
 j - 3 scrolls of magic mapping
 l - 2 scrolls of blinking
 m - 2 scrolls of remove curse
 n - 6 scrolls of teleportation
 s - 4 scrolls of fear
Potions
 c - a potion of lignification
 d - 6 potions of curing
 f - 2 potions of might {unknown}
 g - a potion of ambrosia
 h - a potion of degeneration
 o - a potion of invisibility
 p - 2 potions of haste
 q - 2 potions of mutation
 t - 2 potions of berserk rage
 w - 2 potions of heal wounds
 x - a potion of brilliance {unknown}
 z - a potion of agility {unknown}
Comestibles
 b - 17 rations
 k - a chunk of flesh


   Skills:
 + Level 5.5 Fighting
 + Level 5.5 Dodging
 - Level 1.0 Stealth
 + Level 8.4 Unarmed Combat
 + Level 4.8 Invocations


You had 8 spell levels left.
You didn't know any spells.
Your spell library contained the following spells:

 Spells                   Type           Power        Failure   Level  Hunger
 Animate Skeleton         Necr           N/A          45%         1    ##.....
 Apportation              Tloc           #.....       45%         1    ##.....
 Confusing Touch          Hex            #.....       45%         1    ##.....
 Infusion                 Chrm           #...         45%         1    ##.....
 Summon Small Mammal      Summ           #...         45%         1    ##.....
 Shroud of Golubria       Chrm/Tloc      #.....       58%         2    ###....
 Song of Slaying          Chrm           #.......     58%         2    ###....
 Regeneration             Chrm/Necr      #.........   83%         3    ####...
 Spectral Weapon          Hex/Chrm       #.......     83%         3    ####...


Dungeon Overview and Level Annotations

Branches:
Dungeon (8/15)             Temple (1/1) D:5            Lair (0/6) D:8
  Sewer (visited)

Altars:
Ashenzari
Cheibriados
Dithmenos
Elyvilon
Fedhas
Gozag
Hepliaklqana
Makhleb
Okawaru
Qazlal
Ru
Sif Muna
Trog
Uskayaw
Vehumet
Wu Jian
Xom
Yredelemnul
Zin
The Shining One


Innate Abilities, Weirdness & Mutations

You are too large for most types of armour.
You have claws for hands.
Your metabolism is lightning-fast.
You like to eat raw meat.
Your natural rate of healing is unusually fast.
You are covered in fur. (AC +1)
You have extremely tough skin. (AC +3)


Message History

The death yak gores you!
* * * LOW HITPOINT WARNING * * *
There is a stone staircase leading up here.
The death yak barely misses you.
You climb upwards.
There is a stone staircase leading down here.
You barely miss the death yak.
The death yak is heavily wounded.
The death yak gores you!
* * * LOW HITPOINT WARNING * * *
You claw the death yak!
The death yak is severely wounded.
The death yak gores you!
* * * LOW HITPOINT WARNING * * *
Evoke which item? (* to show all) (? for menu, Esc to quit)
Okay, then.
You scratch the death yak but do no damage.
The death yak is severely wounded.
The death yak gores you!
You die...

#.........................).
#...........................
#...........................
#...........................
#..........................#
#..........................#
######.................#####'####
.......................#.......#.
................@......#.......##
...............Y.......#.......##
.......................#.........
.......................#..##...##
......###'#.......######..##+####
...#####..#.......#........'.....
.###...#..#.......'........#.....
##...<.#..#.......#........#.....
.......#..#.......#........#...##


You could see a death yak.

Vanquished Creatures
  Grinder (D:4)
  A hippogriff (D:7)
  Sigmund (D:3)
  Eustachio (D:4)
  A sky beast (D:5)
  3 ice beasts
  A black bear (D:8)
  A hornet zombie (D:7)
  2 centaurs
  2 ogres (D:7)
  A water moccasin zombie (D:7)
  2 scorpions
  A howler monkey (D:5)
  4 crimson imps
  A bullfrog zombie (D:5)
  Crazy Yiuf (D:4)
  3 hounds (D:5)
  A bullfrog skeleton (D:5)
  2 centaur skeletons
  An iguana (D:7)
  Terence (D:3)
  2 orc wizards
  3 worker ants
  Robin (D:4)
  4 gnolls (D:2)
  A howler monkey skeleton (D:7)
  2 river rats (Sewer)
  7 adders
  A shadow imp (D:5)
  3 oozes
  4 worms
  A dart slug (D:1)
  2 leopard geckos (D:5)
  9 orcs
  9 giant cockroaches
  16 goblins
  7 hobgoblins
  5 jackals (D:2)
  5 quokkas
  7 ball pythons
  9 bats
  5 frilled lizards
  9 kobolds
  A leopard gecko skeleton (D:4)
  5 rats
150 creatures vanquished.

Vanquished Creatures (others)
  An orc wizard (D:4)
1 creature vanquished.

Grand Total: 151 creatures vanquished

Notes
Turn   | Place    | Note
-------+----------+-------------------------------------------
     0 | D:1      | MisterFreud the Troll Monk began the quest for the Orb.
     0 | D:1      | Reached XP level 1. HP: 22/22 MP: 0/0
   112 | D:1      | Reached XP level 2. HP: 22/29 MP: 1/1
   575 | D:1      | Reached skill level 4 in Unarmed Combat
   903 | D:2      | Reached XP level 3. HP: 17/36 MP: 2/2
  1049 | D:2      | You fall into a shaft and drop 2 floors!
  1097 | D:4      | Reached skill level 5 in Unarmed Combat
  1097 | D:4      | Reached XP level 4. HP: 44/44 MP: 3/3
  1103 | D:4      | Noticed Eustachio
  1142 | D:4      | Killed Eustachio
  1142 | D:4      | Reached skill level 6 in Unarmed Combat
  1142 | D:4      | Reached XP level 5. HP: 36/50 MP: 4/4
  1166 | D:4      | Noticed Robin
  1195 | D:4      | Reached XP level 6. HP: 56/59 MP: 5/5
  1231 | D:4      | Killed Robin
  1828 | D:2      | Found a shimmering blue altar of Sif Muna.
  1828 | D:2      | Found a basalt altar of Yredelemnul.
  2053 | D:2      | Found a faded altar of an unknown god.
  2435 | D:3      | Noticed Terence
  2444 | D:3      | Killed Terence
  2579 | D:3      | Noticed Sigmund
  2587 | D:3      | Killed Sigmund
  2587 | D:3      | Reached skill level 7 in Unarmed Combat
  2587 | D:3      | Reached XP level 7. HP: 67/67 MP: 6/6
  2869 | D:4      | Noticed Grinder
  2875 | D:4      | Killed Grinder
  2884 | D:4      | Found a runed translucent door.
  2885 | D:4      | Noticed Crazy Yiuf
  3007 | D:4      | Killed Crazy Yiuf
  3214 | D:5      | Entered Level 5 of the Dungeon
  3285 | D:5      | Found a glowing drain.
  3305 | Sewer    | Entered a sewer
  3348 | Sewer    | Reached XP level 8. HP: 71/78 MP: 7/7
  3661 | D:5      | Found a staircase to the Ecumenical Temple.
  3669 | Temple   | Entered the Ecumenical Temple
  3755 | Temple   | Became a worshipper of Warmaster Okawaru
  3755 | Temple   | Reached * piety under Okawaru
  3755 | Temple   | Reached ** piety under Okawaru
  3891 | D:5      | Reached skill level 8 in Unarmed Combat
  4021 | D:5      | Reached skill level 1 in Invocations
  4447 | D:6      | Reached skill level 5 in Fighting
  4447 | D:6      | Reached skill level 5 in Dodging
  5148 | D:7      | Reached *** piety under Okawaru
  5375 | D:7      | Reached XP level 9. HP: 88/88 MP: 11/11
  5793 | D:8      | Found a staircase to the Lair.
  5793 | D:8      | Noticed a death yak
  5795 | D:8      | Noticed a death yak
  5796 | D:8      | Noticed a death yak
  5796 | D:8      | Noticed a death yak
  5815 | D:7      | Slain by a death yak

Levels and vault maps discovered:
D:1:      lightli_arrival_windingriver, layout_basic,
          chequers_serial_rivers_room_a
D:2:      layout_basic, amethyst_overflow_temple_binary,
          chequers_ecumenical_altar_grove, chequers_serial_rivers_large_a,
          kennysheep_minor_cross, minmay_door_square
D:3:      layout_rooms, first_ration, st_stairs_11, uniq_terence, uniq_sigmund
D:4:      layout_rooms, uniq_robin, uniq_eustachio, uniq_crazy_yiuf_cottage,
          uniq_grinder
D:5:      layout_basic, minmay_temple_entry_grid, gup_sewer_entry_pipe
D:6:      layout_loops_ring, chequers_serial_rivers_small_b, skrybe_limestone_x
D:7:      layout_gridville, grunt_ministairs_12
D:8:      layout_loops_cross, nemelex_xobeh_ov_fountains_minmay,
          dpeg_lair_monsters
Temple:   compressed_dpeg_circular_temple

Skill      XL: |  1  2  3  4  5  6  7  8 |
---------------+-------------------------+-----
Unarmed Combat | 4 5 6 7 8 |  8.4
Fighting       | 3 4 5 |  5.5
Dodging        | 3 4 5 |  5.5
Invocations    | 4 |  4.8
Stealth        | |  1.0

Action                   |  1- 3 |  4- 6 |  7- 9 || total
-------------------------+-------+-------+-------++-------
Melee: Unarmed           |    61 |   165 |   231 ||   457
       Punch             |     2 |     3 |     5 ||    10
  Use: Scroll            |       |     6 |    13 ||    19
 Stab: Sleeping          |     2 |     3 |     3 ||     8
  Eat: Chunk             |     9 |    19 |    31 ||    59
Armor: Robe              |    20 |   143 |    50 ||   213
Dodge: Dodged            |    27 |   130 |   106 ||   263

Table legend:
 A = Non-vault XP
 B = Vault XP
 C = Vault XP percentage of total XP
 D = Non-vault monster count
 E = Vault monster count
 F = Vault count percentage of total count
                 A         B        C        D         E       F
            +---------+---------+-------+---------+---------+-------
      Total |    2609 |    1083 |  29.3 |     104 |      47 |  31.1
            +---------+---------+-------+---------+---------+-------
        D:1 |      29 |       0 |   0.0 |      17 |       0 |   0.0
        D:2 |     100 |       0 |   0.0 |      21 |       0 |   0.0
        D:3 |      32 |     271 |  89.4 |      15 |       5 |  25.0
        D:4 |     247 |     552 |  69.1 |      10 |      16 |  61.5
        D:5 |     766 |      14 |   1.8 |      20 |       6 |  23.1
        D:6 |     271 |       0 |   0.0 |      10 |       0 |   0.0
        D:7 |     857 |     164 |  16.1 |       8 |       2 |  20.0
        D:8 |     307 |       0 |   0.0 |       3 |       0 |   0.0
      Sewer |       0 |      82 | 100.0 |       0 |      18 | 100.0
            +---------+---------+-------+---------+---------+-------
